 Dungeon Crawl Stone Soup version 0.29.1-15-g9cfb28693d (webtiles) character file.

Game seed: 1647628943249875898

52 okay the Trooper (level 3, -1/34 HPs)
             Began as a Minotaur Berserker on Mar 4, 2023.
             Was a Believer of Trog.
             Killed from afar by an orc wizard (9 damage)
             ... with a puff of flame
             ... on level 4 of the Dungeon.
             The game lasted 00:08:48 (1498 turns).

okay the Trooper (Minotaur Berserker)               Turns: 1498, Time: 00:08:48

Health: -1/34      AC:  2    Str: 21    XL:     3   Next: 60%
Magic:  2/2        EV: 12    Int:  4    God:    Trog [**....]
Gold:   136        SH:  0    Dex: 11    Spells: 2/2 levels left

rFire   . . .      SeeInvis .   a - +0 falchion
rCold   . . .      Faith    .   (no shield)
rNeg    . . .      Spirit   .   b - +0 animal skin
rPois   .          Reflect  .   (helmet restricted)
rElec   .          Harm     .   (no cloak)
rCorr   .          Rampage  .   (no gloves)
Will    .....                   (no boots)
Stlth   +.........              (no amulet)
HPRegen 0.11/turn               (no ring)
MPRegen 0.08/turn               (no ring)

@: lethally poisoned (-1 -> -2)
A: horns 2, retaliatory headbutt
a: Renounce Religion, Berserk, Trog's Hand


You were on level 4 of the Dungeon.
You worshipped Trog.
Trog was pleased with you.
You visited 1 branch of the dungeon, and saw 4 of its levels.

You collected 136 gold pieces.

Inventory:

Hand Weapons
 a - a +0 falchion (weapon)
 l - a +1 whip of venom
Missiles
 k - 6 boomerangs of dispersal
Armour
 b - a +0 animal skin (worn)
Magical Staves
 c - a staff of conjuration
Jewellery
 d - an amulet of magic regeneration
Wands
 i - a wand of flame (21) (quivered)
Scrolls
 e - a scroll of identify
 f - a scroll of poison
 g - a scroll of immolation
 h - a scroll of magic mapping {unknown}
Potions
 j - a potion of flight {unknown}


   Skills:
 + Level 4.5 Fighting
 + Level 4.4 Long Blades
 + Level 2.6 Armour
 + Level 2.7 Dodging


You had 2 spell levels left.
You didn't know any spells.
Your spell library was empty.

Dungeon Overview and Level Annotations

Branches:
Dungeon (4/15)
 Temple: D:4-7

Altars:
Dithmenos
Makhleb


Innate Abilities, Weirdness & Mutations

You have a pair of horns on your head.
You reflexively headbutt those who attack you in melee.


Message History

You kill the orc!
Trog accepts your kill.
The orc wizard mumbles some strange words.
The orc wizard flickers and vanishes!
Deactivating autopickup; reactivate with Ctrl-A.
The orc hits you with a +1 whip of venom.
The orc closely misses you.
You see here a +0 short sword.
You hit the orc.
The orc is almost dead.
The orc hits you with a +1 whip of venom.
You are poisoned.
The orc shouts!
You hit the orc but do no damage.
The orc is almost dead.
You feel very sick. The orc barely misses you. You furiously retaliate!
You headbutt the orc!
You kill the orc!
Trog accepts your kill.
You feel sick.
Things that are here:
a +1 whip of venom; a +0 ring mail
l - a +1 whip of venom You feel sick.
Something hits you.
Aiming: Throw Flame
Press: ? - help, Q - select action, (/) - cycle Shift-Dir - straight line, f - orc
Aim: an orc, wielding a +0 club (68% to hit)
The puff of flame hits the orc!
You kill the orc!
Trog accepts your kill.
You feel sick. Something hits you.
You feel sick. Something hits you.
You feel sick. Something hits you.
You feel sick. Something hits you.
* * * LOW HITPOINT WARNING * * *
You feel sick.
You hear some strange, mumbled words.
A puff of flame appears from out of thin air!
The puff of flame hits you!
You die...

. ######### ..
[.......#######.###
..........[.......#
.......$..{.......#
...................
.........@........#
......).[.....$...<
........#####......
........# ......
........# ......
........# ......
........# .......
#######


There were no monsters in sight!

Vanquished Creatures
  An adder (D:2)
  A worm (D:2)
  A dart slug (D:3)
  3 orcs (D:4)
  3 bats
  2 endoplasms
  8 hobgoblins
  3 kobolds (D:1)
  2 quokkas (D:1)
  3 ball pythons
  3 frilled lizards
  A goblin (D:2)
  3 rats (D:1)
34 creatures vanquished.

Notes
Turn   | Place    | Note
-------+----------+-------------------------------------------
     0 | D:1      | okay the Minotaur Berserker began the quest for the Orb.
     0 | D:1      | Reached XP level 1. HP: 19/19 MP: 0/0
   510 | D:1      | Reached XP level 2. HP: 23/27 MP: 1/1
   591 | D:1      | Found a faded altar of an unknown god.
  1026 | D:2      | Reached XP level 3. HP: 28/34 MP: 2/2
  1056 | D:2      | Found a shadowy altar of Dithmenos.
  1248 | D:3      | Reached ** piety under Trog
  1338 | D:3      | Found a burning altar of Makhleb.
  1498 | D:4      | Killed from afar by an orc wizard

Illustrated notes

Levels and vault maps discovered:
D:1:      mrwooster_arrival_statue_2, layout_basic,
          chequers_ecumenical_altar_island, grunt_decor_mini_mirrors
D:2:      layout_rooms, basic_altar, serial_shops, nicolae_shop_hallway_stairs
D:3:      layout_loops_corners, bloody_makhleb
D:4:      layout_basic

Skill      XL: |  1  2 |
---------------+-------+-----
Long Blades    | 4 |  4.4
Fighting       | 4 |  4.5
Armour         | |  2.6
Dodging        | |  2.7

Action                   || total
-------------------------++-------
Melee: Falchion          ||    57
       Headbutt          ||    12
Evoke: Wand              ||     1
  Use: Scroll            ||     3
Armor: Animal skin       ||    11
Dodge: Dodged            ||    51
